 Dungeon Crawl Stone Soup version 0.29.1-1-gd02db6906a (webtiles) character file.

Game seed: 2188814955739222964

1997 fractalfish the Cleaver (level 9, 0/81 HPs)
             Began as a Minotaur Fighter on Sept 15, 2022.
             Was a Believer of Jiyva.
             Slain by an orc wizard
             ... wielding a +0 hand axe
              (3 damage)
             ... on level 6 of the Dungeon.
             The game lasted 00:12:35 (4925 turns).

fractalfish the Cleaver (Minotaur Fighter)          Turns: 4925, Time: 00:12:36

Health: 0/81       AC:  9    Str: 24    XL:     9   Next: 2%
Magic:  8/8        EV: 10    Int:  5    God:    Jiyva [**....]
Gold:   231        SH:  5    Dex: 11    Spells: 8/8 levels left

rFire   . . .      SeeInvis .   a - +2 war axe (flame)
rCold   . . .      Faith    .   c - +0 buckler
rNeg    . . .      Spirit   .   b - +0 scale mail
rPois   .          Reflect  .   (helmet restricted)
rElec   .          Harm     .   (no cloak)
rCorr   +          Rampage  .   i - +0 pair of gloves
Will    .....                   (no boots)
Stlth   ..........              (no amulet)
HPRegen 1.19/turn               (no ring)
MPRegen 0.41/turn               (no ring)

@: no status effects
A: horns 2, retaliatory headbutt
a: Renounce Religion


You were on level 6 of the Dungeon.
You worshipped Jiyva.
Jiyva was pleased with you.
You visited 1 branch of the dungeon, and saw 7 of its levels.
You also visited: Sewer.

You collected 231 gold pieces.

Inventory:

Hand Weapons
 a - a +2 war axe of flaming (weapon)
Armour
 b - a +0 scale mail (worn)
 c - a +0 buckler (worn)
 i - a +0 pair of gloves (worn)
Wands
 h - a wand of polymorph (11)
 r - a wand of acid (13)
Scrolls
 n - a scroll of immolation
 q - a scroll of amnesia
 s - a scroll of fear
Potions
 d - 2 potions of might
 e - 2 potions of curing
 f - a potion of brilliance
 g - a potion of degeneration
 j - 6 potions of heal wounds
 k - a potion of haste
 m - a potion of attraction {unknown}


   Skills:
 * Level 8.1 Fighting
 + Level 8.5 Axes
 * Level 8.2 Armour
 + Level 3.0 Dodging
 + Level 0.5 Stealth
 + Level 4.8 Shields


You had 8 spell levels left.
You didn't know any spells.
Your spell library contained the following spells:

 Spells                   Type           Power      Damage    Failure   Level
 Blink                    Tloc           0%         N/A       92%         2
 Manifold Assault         Tloc           0%         N/A       100%        5
 Storm Form               Tmut/Air       0%         N/A       100%        7


Dungeon Overview and Level Annotations

Branches:
Dungeon (7/15)             Temple (0/1) D:4           Sewer (visited)

Altars:
Cheibriados
Dithmenos
Ru
Wu Jian
Yredelemnul

Shops:
D:3 :


Innate Abilities, Weirdness & Mutations

You have a pair of horns on your head.
You reflexively headbutt those who attack you in melee.


Message History

You completely miss the wight. You headbutt the wight.
The wight is moderately damaged.
The wight barely misses you.
You slash the wight! You burn the wight.
The wight is almost destroyed.
The wight hits you with a +2 scimitar of freezing!
The wight freezes you. Something hits you but does no damage.
The wight hits you with a +2 scimitar of freezing!
You feel drained. The wight freezes you. You block the wight's attack.
Something hits you.
* * * LOW HITPOINT WARNING * * *
You climb upwards.
Reactivating autopickup.
You hear a distant slurping noise.
There is a stone staircase leading down here.
You barely miss the wight.
The wight is almost destroyed.
You miss something. Something hits you but does no damage.
Deactivating autopickup; reactivate with Ctrl-A.
The wight hits you with a +2 scimitar of freezing!
* * * LOW HITPOINT WARNING * * *
The wight freezes you.
* * * LOW HITPOINT WARNING * * *
Unknown command.
You hit the wight. You burn the wight.
You destroy the wight!
You miss something. You block something's attack.
Your life force feels restored.
You have reached level 9!
Your experience leads to an increase in your attributes!
Increase (S)trength, (I)ntelligence, or (D)exterity?
You feel stronger. x2
Something hits you but does no damage.
You barely miss something.
You hear some strange, mumbled words.
A magic dart appears from out of thin air!
The magic dart hits you!
* * * LOW HITPOINT WARNING * * *
You miss something. Your headbutt misses something. Something hits you.
You die...

.##.####### ##J###..#..#..#
......# #.........#...#
......# #.........#...#
......# #.........#...#
.###.## ###.##..####..#
.###.##########.##..####..#
..........................#
...............).....#....#
#.............>{@....#....#
#....>...............#....#
#....................#....#
#.##..###..######..###....#
#.##..###..######..###....#
#...........#.............#
#...........+.............#
.#######..###..##..##.....#
#.....##+####+###..##.....#


There were no monsters in sight!

Vanquished Creatures
  Prince Ribbit (D:6)
  A water moccasin (D:6)
  Duvessa (D:6)
  An ice beast (D:6)
  2 black bears
  An orc warrior (D:7)
  A centaur (D:5)
  A phantom (D:6)
  2 bullfrogs
  4 scorpions
  2 wights
  6 killer bees (D:7)
  2 jellies (Sewer)
  An orc priest (D:6)
  A hound (D:6)
  Crazy Yiuf (D:6)
  An iron imp (D:4)
  3 gnolls (D:3)
  4 adders
  A river rat (Sewer)
  A shadow imp (D:5)
  A white imp (D:7)
  An ufetubus (D:6)
  An adder zombie (D:3)
  3 worms
  2 dart slugs (D:3)
  4 orcs
  14 endoplasms
  7 giant cockroaches
  6 goblins
  3 hobgoblins
  6 jackals (D:1)
  7 kobolds
  3 quokkas
  8 ball pythons
  3 ball python zombies (D:3)
  5 bats
  7 frilled lizards
  12 rats
131 creatures vanquished.

Vanquished Creatures (others)
  A gnoll sergeant (D:5)
  Dowan (D:6)
  A howler monkey (D:7)
  7 jellies
  An orc priest (D:4)
  An iguana (D:5)
  3 orc wizards
  3 gnolls (D:5)
  2 orcs
  2 endoplasms (D:4)
  A goblin (D:4)
23 creatures vanquished.

Grand Total: 154 creatures vanquished

Notes
Turn   | Place    | Note
-------+----------+-------------------------------------------
     0 | D:1      | fractalfish the Minotaur Fighter began the quest for the
                  | Orb.
     0 | D:1      | Reached XP level 1. HP: 19/19 MP: 0/0
    94 | D:1      | Reached XP level 2. HP: 27/27 MP: 1/1
   544 | D:1      | Reached XP level 3. HP: 30/33 MP: 2/2
  1554 | D:3      | Found Majank's Vocational Training.
  1648 | D:3      | Reached XP level 4. HP: 35/41 MP: 3/3
  1707 | D:3      | Found a basalt altar of Yredelemnul.
  2086 | D:3      | Found a glowing drain.
  2093 | Sewer    | Entered a sewer
  2236 | Sewer    | Reached XP level 5. HP: 47/47 MP: 4/4
  2431 | Sewer    | Found a viscous altar of Jiyva.
  2435 | Sewer    | Reached skill level 5 in Fighting
  2437 | Sewer    | Reached skill level 5 in Armour
  2542 | Sewer    | Became a worshipper of Jiyva Jocoigit the Shapeless
  2795 | D:4      | Reached skill level 1 in Dodging
  2795 | D:4      | Reached XP level 6. HP: 46/56 MP: 5/5
  2932 | D:4      | Reached skill level 5 in Axes
  2974 | D:4      | Found a snail-covered altar of Cheibriados.
  3153 | D:4      | Found an ornate altar of the Wu Jian Council.
  3419 | D:4      | Found a staircase to the Ecumenical Temple.
  3540 | D:5      | Entered Level 5 of the Dungeon
  3587 | D:5      | Reached * piety under Jiyva
  3695 | D:5      | Found a shadowy altar of Dithmenos.
  3739 | D:5      | Reached XP level 7. HP: 62/63 MP: 6/6
  3921 | D:5      | Reached ** piety under Jiyva
  4252 | D:6      | Noticed Prince Ribbit
  4262 | D:6      | Reached XP level 8. HP: 65/71 MP: 7/7
  4272 | D:6      | Killed Prince Ribbit
  4291 | D:6      | Found a sacrificial altar of Ru.
  4408 | D:6      | Noticed Dowan
  4410 | D:6      | Killed Dowan
  4425 | D:6      | Noticed Duvessa
  4435 | D:6      | Killed Duvessa
  4674 | D:6      | Found a runed translucent door.
  4675 | D:6      | Noticed Crazy Yiuf
  4682 | D:6      | Killed Crazy Yiuf
  4902 | D:7      | Identified the +7 trident of Mandamus {vorpal, rN+}
  4920 | D:6      | HP: 3/72 [wight/+2 scimitar of freezing (5)]
  4922 | D:6      | Reached XP level 9. HP: 5/81 MP: 8/8
  4925 | D:6      | Slain by an orc wizard

Illustrated notes

Levels and vault maps discovered:
D:1:      amcnicky_arrival_double_pillar, layout_rooms, hangedman_decor_push,
          dreamdust_princess_corridor, nrook_uturn
D:2:      layout_rooms
D:3:      layout_loops_ring, nicolae_yredelemnul_corpse_copse,
          gup_sewer_entry_bubbles, grunt_decor_arrowhead,
          nicolae_shop_vocational
D:4:      layout_basic, slow_altar_2, nzn_wu_jian_contemplation,
          minmay_temple_entry_fiery
D:5:      layout_loops_ring, nicolae_dithmenos_the_darkroom
D:6:      layout_gridville, nicolae_ru_awakened_eye, uniq_crazy_yiuf_cottage,
          uniq_duvessa, uniq_prince_ribbit1
D:7:      layout_basic, elyvilon_altar_3, fedhas_altar_fruit_tree, serial_shops,
          shop, hex_medium, lightli_minifort

Skill      XL: |  1  2  3  4  5  6  7  8 |
---------------+-------------------------+-----
Fighting       | 4 5 6 8 |  8.1
Armour         | 4 5 6 8 |  8.2
Axes           | 3 4 5 6 8 |  8.5
Shields        | 4 |  4.8
Dodging        | 1 2 3 |  3.0
Stealth        | |  0.5

Action                   |  1- 3 |  4- 6 |  7- 9 || total
-------------------------+-------+-------+-------++-------
Melee: War axe           |    82 |   114 |    92 ||   288
       Headbutt          |     6 |    18 |    18 ||    42
  Use: Scroll            |     4 |       |     9 ||    13
       Potion            |       |       |     1 ||     1
Armor: Scale mail        |    45 |    47 |    42 ||   134
Dodge: Dodged            |    52 |    76 |    69 ||   197
Block: Buckler           |    28 |    27 |    30 ||    85
